 Dungeon Crawl Stone Soup version 0.22.1-1-ga44c0e56f4 (webtiles) character file.

37 Chidaruma the Digger (level 3, -4/26 HPs)
             Began as a Demigod Earth Elementalist on Oct 30, 2018.
             Slain by a sky beast (5 damage)
             ... on level 2 of the Dungeon.
             The game lasted 00:03:30 (806 turns).

Chidaruma the Digger (Demigod Earth Elementalist)    Turns: 806, Time: 00:03:30

Health: -4/26      AC:  2    Str: 11    XL:     3   Next: 8%
Magic:  3/8        EV: 13    Int: 21    God:
Gold:   31         SH:  0    Dex: 16    Spells: 5/6 levels left

rFire    . . .     SeeInvis .   e - -3 hunting sling (curse)
rCold    . . .     Gourm    .   (no shield)
rNeg     . . .     Faith    .   c - +0 robe
rPois    .         Spirit   .   (no helmet)
rElec    .         Reflect  .   (no cloak)
rCorr    .         Harm     .   (no gloves)
MR       .....                  (no boots)
Stlth    ++........             (no amulet)
HPRegen  0.08/turn              (no ring)
MPRegen  0.11/turn              (no ring)

@: very slightly contaminated
A: high mp 1
a: no special abilities


You were on level 2 of the Dungeon.
You were not hungry.

You visited 1 branch of the dungeon, and saw 2 of its levels.

You collected 31 gold pieces.

Inventory:

Hand Weapons
 e - a cursed -3 hunting sling (weapon)
Missiles
 b - 94 stones
 g - 14 sling bullets (quivered)
Armour
 c - a +0 robe (worn)
Scrolls
 h - 2 scrolls of random uselessness {unknown}
 i - a scroll of remove curse {unknown}
 j - a scroll of noise {unknown}
Potions
 f - a potion of curing {unknown}
Comestibles
 a - 11 chunks of flesh
 d - 2 rations


   Skills:
 - Level 0.2 Slings
 + Level 2.1 Dodging
 + Level 1.9 Stealth
 * Level 2.1 Spellcasting
   Level 0.8 Transmutations
 * Level 3.3 Earth Magic


You had 5 spell levels left.
You knew the following spells:

 Your Spells              Type           Power        Failure   Level  Hunger
a - Sandblast             Erth           ###...       3%          1    #......

Your spell library contained the following spells:

 Spells                   Type           Power        Failure   Level  Hunger
 Passwall                 Tmut/Erth      ##......     10%         2    ##.....
 Stone Arrow              Conj/Erth      #.....       22%         3    ###....
 Petrify                  Tmut/Erth      ##......     52%         4    #####..
 Lee's Rapid Deconstruct  Erth           ###.......   69%         5    ######.


Dungeon Overview and Level Annotations

Branches:
Dungeon (2/15)


Innate Abilities, Weirdness & Mutations

You have an increased reservoir of magic. (+10% MP)


Message History

Casting: Sandblast (safe; 3% risk of failure)
Confirm with . or Enter, or press ? or * to list all spells.
Aiming: Sandblast (safe; 3% risk of failure)
Press: ? - help, Shift-Dir - straight line
b - 94 stones A sky beast appears from thin air!
Reactivating autopickup.
The sky beast hits you. The sky beast shocks you.
* * * LOW HITPOINT WARNING * * *
Casting: Sandblast (safe; 3% risk of failure)
Confirm with . or Enter, or press ? or * to list all spells.
Aiming: Sandblast (safe; 3% risk of failure)
Press: ? - help, Shift-Dir - straight line, f - sky beast
Aim: a sky beast (rain, lightly wounded)
You miscast Sandblast.
The floor shifts beneath you alarmingly!
The sky beast hits you.
* * * LOW HITPOINT WARNING * * *
The sky beast shocks you.
You die...

#....# #.##.#
#.##.# #.##.#
#.##.#######
#.#.........
#.#.########
#.#.........
..#@#<########
# #.#Y#........
#.#.#.#########
#.#.#.#######
#............
###.#.#######
#.#.######..
#..........#
#.#≈########


You could see a sky beast.

Vanquished Creatures
  An adder (D:2)
  A dart slug (D:1)
  A leopard gecko (D:1)
  4 bats (D:1)
  2 giant cockroaches
  4 goblins (D:1)
  5 hobgoblins (D:1)
  A kobold (D:2)
  A ball python (D:1)
  A frilled lizard (D:1)
  2 rats (D:1)
23 creatures vanquished.

Notes
Turn   | Place    | Note
-------+----------+-------------------------------------------
     0 | D:1      | Chidaruma the Demigod Earth Elementalist began the quest
                  | for the Orb.
     0 | D:1      | Reached XP level 1. HP: 14/14 MP: 5/5
   163 | D:1      | Reached skill level 3 in Earth Magic
   208 | D:1      | Reached XP level 2. HP: 20/20 MP: 7/7
   721 | D:2      | Reached XP level 3. HP: 26/26 MP: 4/8
   773 | D:2      | Noticed a sky beast
   806 | D:2      | HP: 1/26 [sky beast (3)]
   806 | D:2      | Slain by a sky beast

Skill      XL: |  1  2 |
---------------+-------+-----
Dodging        | 2 |  2.1
Earth Magic    | 3 |  3.3
Spellcasting   | 2 |  2.1
Slings         | |  0.2
Stealth        | |  1.9
Transmutations | |  0.8

Action                   || total
-------------------------++-------
Melee: Unarmed           ||     3
 Fire: Hunting sling     ||    49
 Cast: Sandblast         ||    18
Armor: Robe              ||     8
Dodge: Dodged            ||    20
